[ AOE2 MATCH · #488022858 ]
UnrankedBritons vs Mongols
[ REPLAY ANALYSIS · EXTRACTED FROM THE RECORDED GAME ]
Feudal
8:51
Castle
18:39
Imperial
30:27
| APM avg | 77.8 |
| APM peak | 144 |
| eAPM avg | 39.6 |
| Villagers / military | 100 / 55 |
Focus
⚔️ 50.7% · 🌾 49.3%
Archer ×53 · Monk ×2
Feudal
9:16
Castle
25:00
Imperial
—
| APM avg | 63.7 |
| APM peak | 130 |
| eAPM avg | 32.4 |
| Villagers / military | 60 / 21 |
Focus
⚔️ 49.1% · 🌾 50.9%
Archer ×9 · Knight ×6 · Militia ×5 · Skirmisher ×1
Feudal
8:56
Castle
19:15
Imperial
—
| APM avg | 85.3 |
| APM peak | 127 |
| eAPM avg | 53.4 |
| Villagers / military | 143 / 70 |
Focus
⚔️ 67.2% · 🌾 32.8%
Knight ×51 · Camel Scout ×18 · Monk ×1
Feudal
10:58
Castle
15:00
Imperial
—
| APM avg | 35.8 |
| APM peak | 88 |
| eAPM avg | 18.1 |
| Villagers / military | 95 / 63 |
Focus
⚔️ 31.8% · 🌾 68.2%
Knight ×63
Feudal
9:11
Castle
22:35
Imperial
—
| APM avg | 37.5 |
| APM peak | 72 |
| eAPM avg | 18.5 |
| Villagers / military | 61 / 15 |
Focus
⚔️ 30.4% · 🌾 69.6%
Scout Cavalry ×11 · Knight ×4
Feudal
11:50
Castle
15:25
Imperial
—
| APM avg | 79.1 |
| APM peak | 119 |
| eAPM avg | 37.6 |
| Villagers / military | 65 / 87 |
Focus
⚔️ 64.9% · 🌾 35.1%
Archer ×77 · Spearman ×6 · Mangonel ×4
Feudal
13:26
Castle
17:22
Imperial
—
| APM avg | 42.8 |
| APM peak | 93 |
| eAPM avg | 23.0 |
| Villagers / military | 105 / 32 |
Focus
⚔️ 35.9% · 🌾 64.1%
Conquistador ×32
Feudal
11:09
Castle
30:25
Imperial
—
| APM avg | 44.0 |
| APM peak | 108 |
| eAPM avg | 22.7 |
| Villagers / military | 71 / 4 |
Focus
⚔️ 38.3% · 🌾 61.7%
Camel Scout ×4
Match map
Initial resources + every placement click. Lines = walls · curves = elevation contours. ◆ gold · ⬟ stone · ● berries · ✦ relic · ◌ wall gap
Your base· ✓ Closed at 18:39 · 2t walls · 1 gate(s)
Zni.Locuss's base· ✓ Closed at 25:00 · 59t walls · 3 gate(s)
Oni.Vinchester's base· ✓ Closed at 19:15 · 10t walls · 1 gate(s)
Jugador de Repuesto's base· ✓ Closed at 15:00 · 12t walls · no gate
Morris=w='s base· ✓ Closed at 22:35 · 13t walls · 1 gate(s)
Dark's base· ✓ Closed at 15:25 · 2t walls · 1 gate(s)
Zni.Kark01's base· ✓ Closed at 17:22 · 12t walls · no gate
Oni.JorDan_AoE's base· ✓ Closed at 30:25 · 79t walls · 2 gate(s)
Smoothed initial terrain · ◌ = detected wall gap · hover for details
Inputs per minute
— Oni.TheViper - - Zni.Locuss
Build order — Oni.TheViper
First 150 of 278 actions detected
| 0:00 | Create | Villager (Male) |
| 0:00 | Create | Villager (Male) |
| 0:01 | Create | Villager (Male) |
| 0:01 | Create | Villager (Male) |
| 0:02 | Build | House |
| 0:04 | Build | House |
| 1:19 | Create | Villager (Male) |
| 1:43 | Build | Lumber Camp |
| 1:50 | Create | Villager (Male) |
| 2:10 | Create | Villager (Male) |
| 2:39 | Create | Villager (Male) |
| 2:55 | Create | Villager (Male) |
| 3:23 | Create | Villager (Male) |
| 3:46 | Create | Villager (Male) |
| 3:49 | Build | House |
| 4:05 | Build | Mill |
| 4:18 | Create | Villager (Male) |
| 4:35 | Create | Villager (Male) |
| 4:41 | Create | Villager (Male) |
| 4:57 | Build | House |
| 5:06 | Build | House |
| 5:17 | Create | Villager (Male) |
| 6:07 | Research | Loom |
| 6:11 | Build | Barracks |
| 6:38 | Research | Feudal Age |
| 6:38 | Research | Feudal Age |
| 6:52 | Build | House |
| 7:41 | Build | Palisade Gate |
| 7:46 | Build | House |
| 7:50 | Build | Mining Camp |
| 7:54 | Create | Villager (Male) |
| 8:51 | Age | Feudal Age |
| 8:53 | Build | Archery Range |
| 8:56 | Research | Double-Bit Axe |
| 8:57 | Create | Villager (Male) |
| 9:20 | Create | Villager (Male) |
| 9:29 | Build | Palisade Gate |
| 9:41 | Create | Villager (Male) |
| 9:45 | Create | Archer |
| 9:50 | Create | Archer |
| 9:57 | Create | Villager (Male) |
| 10:21 | Build | House |
| 10:25 | Create | Archer |
| 10:31 | Create | Villager (Male) |
| 10:34 | Research | Horse Collar |
| 10:56 | Build | Lumber Camp |
| 11:02 | Build | Farm |
| 11:13 | Create | Villager (Male) |
| 11:23 | Create | Archer |
| 11:26 | Create | Villager (Male) |
| 11:28 | Build | Farm |
| 11:35 | Build | House |
| 11:45 | Build | House |
| 11:46 | Create | Villager (Male) |
| 11:52 | Create | Archer |
| 12:05 | Create | Villager (Male) |
| 12:06 | Build | Farm |
| 12:12 | Create | Villager (Male) |
| 12:23 | Create | Archer |
| 12:23 | Create | Villager (Male) |
| 12:38 | Build | Farm |
| 12:39 | Build | Farm |
| 12:44 | Create | Villager (Male) |
| 12:52 | Create | Archer |
| 12:55 | Build | House |
| 13:11 | Build | Farm |
| 13:12 | Create | Villager (Male) |
| 13:20 | Create | Archer |
| 13:28 | Create | Villager (Male) |
| 13:40 | Build | Blacksmith |
| 13:46 | Create | Villager (Male) |
| 14:03 | Create | Archer |
| 14:20 | Build | Farm |
| 14:34 | Create | Archer |
| 14:35 | Create | Villager (Male) |
| 14:54 | Build | Farm |
| 14:59 | Build | Farm |
| 15:04 | Build | Farm |
| 15:11 | Build | Farm |
| 15:59 | Research | Castle Age |
| 16:08 | Create | Archer |
| 16:25 | Research | Gold Mining |
| 16:33 | Create | Archer |
| 16:58 | Research | Fletching |
| 17:01 | Create | Archer |
| 17:01 | Create | Archer |
| 17:19 | Create | Villager (Male) |
| 17:23 | Create | Villager (Male) |
| 17:30 | Build | Palisade Wall |
| 17:36 | Create | Archer |
| 17:38 | Build | Palisade Wall |
| 17:53 | Build | House |
| 18:01 | Create | Archer |
| 18:39 | Age | Castle Age |
| 18:40 | Research | Bodkin Arrow |
| 18:42 | Create | Villager (Male) |
| 18:56 | Research | Crossbowman (upgrade) |
| 18:56 | Research | Crossbowman (upgrade) |
| 18:57 | Create | Villager (Male) |
| 19:00 | Build | Town Center |
| 19:08 | Create | Villager (Male) |
| 19:09 | Build | Town Center |
| 19:19 | Create | Archer |
| 19:23 | Create | Villager (Male) |
| 19:25 | Build | House |
| 19:34 | Research | Bow Saw |
| 19:34 | Research | Bow Saw |
| 19:34 | Research | Heavy Plow |
| 19:34 | Research | Heavy Plow |
| 19:38 | Create | Archer |
| 19:45 | Create | Villager (Male) |
| 20:02 | Build | Monastery |
| 20:04 | Create | Archer |
| 20:08 | Build | Farm |
| 20:08 | Build | Farm |
| 20:16 | Create | Archer |
| 20:25 | Create | Villager (Male) |
| 20:34 | Create | Villager (Male) |
| 20:35 | Create | Villager (Male) |
| 20:37 | Create | Villager (Male) |
| 20:41 | Create | Archer |
| 20:52 | Create | Villager (Male) |
| 20:59 | Create | Villager (Male) |
| 20:59 | Create | Villager (Male) |
| 21:03 | Create | Monk |
| 21:05 | Build | House |
| 21:12 | Create | Villager (Male) |
| 21:16 | Create | Archer |
| 21:18 | Create | Villager (Male) |
| 21:22 | Create | Villager (Male) |
| 21:24 | Build | Farm |
| 21:25 | Build | Farm |
| 21:26 | Build | Farm |
| 21:43 | Create | Villager (Male) |
| 21:43 | Create | Villager (Male) |
| 21:44 | Build | Farm |
| 21:44 | Build | Farm |
| 21:46 | Build | Farm |
| 21:50 | Create | Archer |
| 21:52 | Build | House |
| 22:07 | Create | Archer |
| 22:15 | Create | Villager (Male) |
| 22:19 | Research | Wheelbarrow |
| 22:28 | Create | Villager (Male) |
| 22:28 | Create | Villager (Male) |
| 22:29 | Build | Farm |
| 22:30 | Build | Farm |
| 22:43 | Create | Villager (Male) |
| 22:47 | Create | Villager (Male) |
| 23:09 | Create | Villager (Male) |
Build order — Zni.Locuss
First 150 of 170 actions detected
| 0:00 | Create | Villager (Male) |
| 0:02 | Build | House |
| 0:03 | Build | House |
| 0:10 | Create | Villager (Male) |
| 0:10 | Create | Villager (Male) |
| 0:11 | Create | Villager (Male) |
| 1:31 | Create | Villager (Male) |
| 1:31 | Create | Villager (Male) |
| 1:44 | Create | Villager (Male) |
| 1:44 | Create | Villager (Male) |
| 1:50 | Build | Lumber Camp |
| 2:20 | Create | Villager (Male) |
| 2:20 | Create | Villager (Male) |
| 2:20 | Create | Villager (Male) |
| 3:08 | Create | Villager (Male) |
| 3:09 | Create | Villager (Male) |
| 3:28 | Create | Villager (Male) |
| 3:31 | Build | House |
| 3:54 | Research | Loom |
| 4:19 | Create | Villager (Male) |
| 4:31 | Create | Villager (Male) |
| 4:48 | Build | Palisade Wall |
| 4:50 | Build | Palisade Gate |
| 4:54 | Build | Palisade Wall |
| 5:03 | Create | Villager (Male) |
| 5:26 | Create | Villager (Male) |
| 5:45 | Create | Villager (Male) |
| 5:50 | Build | House |
| 6:06 | Build | Barracks |
| 6:26 | Create | Villager (Male) |
| 6:53 | Research | Feudal Age |
| 7:02 | Build | Mill |
| 7:25 | Create | Militia |
| 7:25 | Create | Militia |
| 7:25 | Create | Militia |
| 8:08 | Create | Militia |
| 8:15 | Build | Mining Camp |
| 8:25 | Create | Militia |
| 8:42 | Build | House |
| 8:46 | Create | Villager (Male) |
| 9:16 | Age | Feudal Age |
| 9:19 | Research | Man-at-Arms (upgrade) |
| 9:19 | Research | Man-at-Arms (upgrade) |
| 10:08 | Build | Watch Tower |
| 10:15 | Build | Palisade Wall |
| 10:17 | Build | Palisade Wall |
| 10:18 | Create | Villager (Male) |
| 10:43 | Create | Villager (Male) |
| 10:44 | Create | Villager (Male) |
| 10:51 | Build | Palisade Wall |
| 11:01 | Build | Stone Wall |
| 11:08 | Build | Gate |
| 11:17 | Build | Palisade Wall |
| 11:20 | Create | Villager (Male) |
| 11:23 | Build | Farm |
| 11:24 | Build | Farm |
| 11:43 | Build | Outpost |
| 11:45 | Create | Villager (Male) |
| 11:49 | Build | House |
| 12:19 | Build | House |
| 12:20 | Build | House |
| 12:43 | Create | Villager (Male) |
| 12:43 | Create | Villager (Male) |
| 12:44 | Build | Farm |
| 12:45 | Build | Farm |
| 13:08 | Build | Palisade Gate |
| 13:21 | Create | Villager (Male) |
| 13:25 | Build | Farm |
| 13:26 | Build | Farm |
| 13:32 | Build | Watch Tower |
| 13:36 | Build | House |
| 13:46 | Build | Stone Wall |
| 13:59 | Create | Villager (Male) |
| 14:04 | Create | Villager (Male) |
| 14:40 | Create | Villager (Male) |
| 14:49 | Build | Stone Wall |
| 14:54 | Build | Gate |
| 15:07 | Create | Villager (Male) |
| 15:08 | Build | Mining Camp |
| 15:10 | Build | House |
| 15:39 | Create | Villager (Male) |
| 16:09 | Build | Archery Range |
| 16:18 | Create | Villager (Male) |
| 16:21 | Build | House |
| 16:27 | Create | Villager (Male) |
| 16:47 | Create | Villager (Male) |
| 16:49 | Build | Blacksmith |
| 16:55 | Create | Archer |
| 16:56 | Create | Archer |
| 17:13 | Create | Archer |
| 17:18 | Create | Villager (Male) |
| 17:18 | Create | Villager (Male) |
| 17:39 | Research | Fletching |
| 17:39 | Research | Fletching |
| 17:42 | Create | Villager (Male) |
| 17:44 | Build | House |
| 17:58 | Create | Archer |
| 18:11 | Create | Archer |
| 18:15 | Create | Villager (Male) |
| 18:17 | Build | Farm |
| 18:42 | Create | Archer |
| 18:46 | Build | Stone Wall |
| 19:20 | Create | Archer |
| 19:37 | Create | Archer |
| 19:58 | Research | Wheelbarrow |
| 19:59 | Research | Wheelbarrow |
| 21:08 | Build | House |
| 21:11 | Build | Market |
| 21:31 | Create | Archer |
| 22:02 | Build | Stone Wall |
| 22:04 | Build | Stone Wall |
| 22:05 | Build | Stone Wall |
| 22:08 | Build | Stone Wall |
| 22:09 | Build | Stone Wall |
| 22:12 | Build | Stone Wall |
| 22:15 | Build | Stone Wall |
| 22:16 | Build | Stone Wall |
| 22:17 | Build | Stone Wall |
| 22:19 | Build | Stone Wall |
| 22:20 | Research | Castle Age |
| 22:21 | Research | Castle Age |
| 22:39 | Create | Skirmisher |
| 23:19 | Research | Horse Collar |
| 23:20 | Research | Horse Collar |
| 23:37 | Create | Villager (Male) |
| 23:46 | Build | Lumber Camp |
| 24:17 | Create | Villager (Male) |
| 24:33 | Build | Farm |
| 24:40 | Build | Outpost |
| 24:49 | Build | Stable |
| 24:51 | Build | Stable |
| 25:00 | Age | Castle Age |
| 25:03 | Research | Scale Barding Armor |
| 25:03 | Research | Scale Barding Armor |
| 25:19 | Create | Knight |
| 25:23 | Create | Knight |
| 25:30 | Build | Outpost |
| 25:39 | Create | Villager (Male) |
| 25:40 | Build | Farm |
| 25:41 | Build | Farm |
| 25:43 | Build | Outpost |
| 25:45 | Create | Knight |
| 25:46 | Create | Knight |
| 25:53 | Research | Town Watch |
| 25:53 | Create | Villager (Male) |
| 25:55 | Build | Farm |
| 26:03 | Build | Outpost |
| 26:10 | Create | Knight |
| 26:16 | Create | Knight |
| 26:24 | Build | Castle |
Build order — Oni.Vinchester
First 150 of 326 actions detected
| 0:00 | Create | Villager (Male) |
| 0:00 | Create | Villager (Male) |
| 0:01 | Create | Villager (Male) |
| 0:01 | Create | Villager (Male) |
| 0:02 | Build | House |
| 0:03 | Build | House |
| 1:27 | Create | Villager (Male) |
| 2:00 | Build | Lumber Camp |
| 2:03 | Create | Villager (Male) |
| 2:11 | Create | Villager (Male) |
| 2:19 | Create | Villager (Male) |
| 2:19 | Create | Villager (Male) |
| 3:20 | Create | Villager (Male) |
| 3:20 | Create | Villager (Male) |
| 3:51 | Build | House |
| 4:02 | Create | Villager (Male) |
| 4:04 | Create | Villager (Male) |
| 4:12 | Create | Villager (Male) |
| 4:12 | Create | Villager (Male) |
| 4:16 | Build | House |
| 4:42 | Build | Palisade Wall |
| 4:57 | Create | Villager (Male) |
| 5:06 | Build | Mill |
| 5:16 | Build | Palisade Wall |
| 5:17 | Build | Palisade Wall |
| 5:22 | Create | Villager (Male) |
| 5:34 | Build | Palisade Wall |
| 5:44 | Build | Palisade Wall |
| 6:01 | Create | Villager (Male) |
| 6:46 | Research | Feudal Age |
| 6:46 | Research | Feudal Age |
| 6:58 | Build | Palisade Wall |
| 8:09 | Create | Villager (Male) |
| 8:56 | Age | Feudal Age |
| 8:58 | Build | Town Center |
| 8:59 | Create | Villager (Male) |
| 8:59 | Research | Double-Bit Axe |
| 9:16 | Research | Horse Collar |
| 9:23 | Create | Villager (Male) |
| 9:24 | Build | House |
| 9:43 | Create | Villager (Male) |
| 9:45 | Build | Farm |
| 10:01 | Create | Villager (Male) |
| 10:17 | Create | Villager (Male) |
| 10:25 | Build | Farm |
| 10:27 | Build | Farm |
| 10:30 | Build | Farm |
| 10:37 | Create | Villager (Male) |
| 10:37 | Create | Villager (Male) |
| 10:56 | Build | Farm |
| 11:01 | Create | Villager (Male) |
| 11:05 | Build | Farm |
| 11:13 | Create | Villager (Male) |
| 11:13 | Create | Villager (Male) |
| 11:16 | Build | Farm |
| 11:19 | Create | Villager (Male) |
| 11:19 | Create | Villager (Male) |
| 11:32 | Create | Villager (Male) |
| 11:39 | Create | Villager (Male) |
| 11:40 | Build | Farm |
| 11:44 | Build | House |
| 11:58 | Create | Villager (Male) |
| 11:58 | Create | Villager (Male) |
| 11:59 | Build | Farm |
| 12:03 | Create | Villager (Male) |
| 12:07 | Build | Farm |
| 12:08 | Build | Farm |
| 12:15 | Create | Villager (Male) |
| 12:15 | Create | Villager (Male) |
| 12:17 | Build | Farm |
| 12:30 | Create | Villager (Male) |
| 12:36 | Create | Villager (Male) |
| 12:40 | Build | Farm |
| 12:41 | Build | Farm |
| 12:49 | Create | Villager (Male) |
| 12:51 | Build | House |
| 12:57 | Build | Palisade Gate |
| 13:05 | Build | Farm |
| 13:09 | Create | Villager (Male) |
| 13:11 | Create | Villager (Male) |
| 13:25 | Research | Wheelbarrow |
| 13:38 | Create | Villager (Male) |
| 13:40 | Build | Farm |
| 13:44 | Build | Farm |
| 14:04 | Create | Villager (Male) |
| 14:05 | Build | Farm |
| 14:07 | Build | Farm |
| 14:10 | Build | House |
| 14:35 | Create | Villager (Male) |
| 14:35 | Create | Villager (Male) |
| 14:39 | Build | Market |
| 15:10 | Create | Villager (Male) |
| 15:10 | Create | Villager (Male) |
| 15:16 | Build | Farm |
| 15:18 | Build | Farm |
| 15:20 | Build | Farm |
| 15:24 | Build | House |
| 15:30 | Create | Villager (Male) |
| 15:34 | Create | Villager (Male) |
| 15:40 | Build | Blacksmith |
| 15:59 | Create | Villager (Male) |
| 16:00 | Create | Villager (Male) |
| 16:09 | Build | Barracks |
| 16:12 | Build | Barracks |
| 16:25 | Create | Villager (Male) |
| 16:35 | Research | Castle Age |
| 16:36 | Research | Castle Age |
| 16:48 | Create | Villager (Male) |
| 16:59 | Create | Villager (Male) |
| 17:02 | Build | Lumber Camp |
| 17:08 | Create | Villager (Male) |
| 17:12 | Create | Villager (Male) |
| 17:26 | Build | House |
| 17:31 | Build | Stable |
| 17:36 | Create | Villager (Male) |
| 17:50 | Build | Farm |
| 17:51 | Build | Farm |
| 17:53 | Research | Scale Barding Armor |
| 17:54 | Research | Forging |
| 17:56 | Create | Villager (Male) |
| 17:57 | Create | Villager (Male) |
| 18:09 | Build | Stable |
| 18:13 | Research | Loom |
| 18:14 | Research | Town Watch |
| 18:21 | Research | Bloodlines |
| 18:21 | Research | Bloodlines |
| 18:23 | Build | Stable |
| 18:27 | Create | Villager (Male) |
| 19:12 | Build | Stable |
| 19:15 | Age | Castle Age |
| 19:17 | Build | Stable |
| 19:18 | Create | Knight |
| 19:18 | Create | Knight |
| 19:18 | Create | Knight |
| 19:20 | Create | Villager (Male) |
| 19:23 | Research | Hand Cart |
| 19:32 | Create | Villager (Male) |
| 19:32 | Create | Villager (Male) |
| 19:43 | Create | Knight |
| 19:43 | Create | Knight |
| 19:47 | Create | Knight |
| 19:48 | Create | Knight |
| 19:58 | Build | House |
| 20:05 | Research | Bow Saw |
| 20:07 | Create | Villager (Male) |
| 20:08 | Create | Villager (Male) |
| 20:09 | Build | House |
| 20:09 | Build | House |
| 20:10 | Build | House |
| 20:15 | Build | House |
Build order — Jugador de Repuesto
First 150 of 269 actions detected
| 0:00 | Create | Villager (Male) |
| 0:00 | Create | Villager (Male) |
| 0:02 | Build | House |
| 0:04 | Build | House |
| 0:09 | Create | Villager (Male) |
| 0:14 | Create | Villager (Male) |
| 0:15 | Create | Villager (Male) |
| 1:41 | Create | Villager (Male) |
| 1:41 | Create | Villager (Male) |
| 2:05 | Build | Lumber Camp |
| 2:07 | Create | Villager (Male) |
| 2:07 | Create | Villager (Male) |
| 2:11 | Create | Villager (Male) |
| 2:12 | Create | Villager (Male) |
| 2:41 | Create | Villager (Male) |
| 3:09 | Create | Villager (Male) |
| 3:10 | Create | Villager (Male) |
| 3:25 | Build | House |
| 3:32 | Create | Villager (Male) |
| 4:07 | Create | Villager (Male) |
| 4:07 | Create | Villager (Male) |
| 4:20 | Build | Mill |
| 4:53 | Create | Villager (Male) |
| 4:57 | Build | Palisade Wall |
| 5:24 | Build | Palisade Wall |
| 5:52 | Create | Villager (Male) |
| 6:16 | Create | Villager (Male) |
| 6:27 | Create | Villager (Male) |
| 7:04 | Create | Villager (Male) |
| 7:14 | Build | Mining Camp |
| 7:21 | Create | Villager (Male) |
| 7:49 | Create | Villager (Male) |
| 8:11 | Create | Villager (Male) |
| 8:29 | Research | Feudal Age |
| 9:22 | Build | Farm |
| 9:31 | Build | House |
| 9:41 | Build | Farm |
| 10:30 | Create | Villager (Male) |
| 10:58 | Age | Feudal Age |
| 11:09 | Build | Market |
| 11:15 | Build | Blacksmith |
| 11:22 | Create | Villager (Male) |
| 11:39 | Build | House |
| 11:50 | Create | Villager (Male) |
| 12:02 | Build | Farm |
| 12:11 | Build | Farm |
| 12:20 | Research | Castle Age |
| 12:20 | Research | Castle Age |
| 13:06 | Research | Horse Collar |
| 13:15 | Research | Double-Bit Axe |
| 13:15 | Research | Double-Bit Axe |
| 13:26 | Build | House |
| 13:38 | Build | Farm |
| 14:01 | Build | Farm |
| 14:09 | Create | Villager (Male) |
| 14:09 | Create | Villager (Male) |
| 15:00 | Age | Castle Age |
| 15:02 | Build | Castle |
| 15:14 | Research | Bow Saw |
| 15:25 | Build | Town Center |
| 15:40 | Create | Villager (Male) |
| 16:08 | Create | Villager (Male) |
| 16:17 | Build | Mill |
| 16:32 | Create | Villager (Male) |
| 16:44 | Build | Farm |
| 16:46 | Build | Farm |
| 16:47 | Build | Farm |
| 16:49 | Build | Farm |
| 16:54 | Build | Farm |
| 16:57 | Build | Farm |
| 16:58 | Create | Villager (Male) |
| 17:02 | Research | Gold Mining |
| 17:08 | Create | Villager (Male) |
| 17:12 | Build | Farm |
| 17:17 | Create | Villager (Male) |
| 17:18 | Create | Villager (Male) |
| 17:44 | Create | Villager (Male) |
| 17:45 | Build | Farm |
| 17:46 | Create | Villager (Male) |
| 17:53 | Create | Villager (Male) |
| 18:08 | Build | Mill |
| 18:14 | Create | Villager (Male) |
| 18:20 | Research | Wheelbarrow |
| 18:34 | Build | Farm |
| 18:37 | Create | Villager (Male) |
| 18:37 | Create | Villager (Male) |
| 18:46 | Research | Heavy Plow |
| 18:50 | Build | Farm |
| 18:59 | Build | Farm |
| 19:06 | Create | Villager (Male) |
| 19:10 | Build | Farm |
| 19:17 | Create | Villager (Male) |
| 19:20 | Build | Farm |
| 19:25 | Create | Villager (Male) |
| 19:31 | Build | Farm |
| 19:39 | Build | Farm |
| 19:43 | Build | Farm |
| 19:45 | Create | Villager (Male) |
| 19:54 | Research | Szlachta Privileges |
| 20:01 | Create | Villager (Male) |
| 20:04 | Build | Farm |
| 20:09 | Build | Farm |
| 20:20 | Build | House |
| 20:22 | Build | House |
| 20:25 | Create | Villager (Male) |
| 20:43 | Create | Villager (Male) |
| 20:49 | Build | Barracks |
| 20:55 | Build | House |
| 20:58 | Create | Villager (Male) |
| 20:59 | Create | Villager (Male) |
| 21:00 | Research | Scale Barding Armor |
| 21:01 | Research | Forging |
| 21:16 | Create | Villager (Male) |
| 21:26 | Build | House |
| 21:26 | Build | House |
| 21:33 | Create | Villager (Male) |
| 21:33 | Create | Villager (Male) |
| 21:40 | Create | Villager (Male) |
| 21:46 | Build | Stable |
| 21:51 | Create | Villager (Male) |
| 22:09 | Build | Stable |
| 22:11 | Create | Villager (Male) |
| 22:15 | Build | Stable |
| 22:21 | Research | Chain Barding Armor |
| 22:24 | Create | Villager (Male) |
| 22:30 | Research | Husbandry |
| 22:32 | Research | Bloodlines |
| 22:35 | Create | Villager (Male) |
| 22:47 | Build | Stable |
| 22:54 | Create | Villager (Male) |
| 22:57 | Build | Stable |
| 22:59 | Create | Knight |
| 23:00 | Create | Knight |
| 23:02 | Create | Knight |
| 23:12 | Build | House |
| 23:14 | Build | House |
| 23:18 | Create | Villager (Male) |
| 23:18 | Create | Villager (Male) |
| 23:22 | Build | Lumber Camp |
| 23:27 | Create | Knight |
| 23:28 | Create | Knight |
| 23:28 | Create | Knight |
| 23:44 | Build | Farm |
| 23:46 | Build | Farm |
| 23:50 | Build | Farm |
| 23:51 | Create | Knight |
| 23:52 | Create | Knight |
| 23:58 | Build | House |
| 23:59 | Build | House |
| 24:03 | Create | Knight |
Build order — Morris=w=
First 150 of 184 actions detected
| 0:02 | Create | Villager (Male) ×4 |
| 0:03 | Build | House |
| 0:05 | Build | House |
| 1:23 | Create | Villager (Male) |
| 1:56 | Build | Lumber Camp |
| 2:00 | Create | Villager (Male) |
| 2:01 | Create | Villager (Male) |
| 2:27 | Create | Villager (Male) |
| 2:47 | Create | Villager (Male) |
| 3:10 | Create | Villager (Male) |
| 3:33 | Create | Villager (Male) |
| 3:39 | Build | House |
| 4:02 | Create | Villager (Male) |
| 4:06 | Build | Palisade Wall |
| 4:42 | Create | Villager (Male) |
| 4:42 | Create | Villager (Male) |
| 4:56 | Create | Villager (Male) |
| 4:59 | Create | Villager (Male) |
| 5:33 | Build | House |
| 5:37 | Create | Villager (Male) |
| 5:43 | Build | Mill |
| 5:47 | Build | Mill |
| 5:52 | Create | Villager (Male) |
| 6:05 | Research | Loom |
| 6:20 | Build | Palisade Wall |
| 7:01 | Research | Feudal Age |
| 7:01 | Research | Feudal Age |
| 8:21 | Build | Barracks |
| 9:11 | Age | Feudal Age |
| 9:17 | Build | Stable |
| 9:22 | Create | Villager (Male) |
| 9:22 | Create | Villager (Male) |
| 9:33 | Research | Double-Bit Axe |
| 9:33 | Research | Double-Bit Axe |
| 10:01 | Create | Scout Cavalry |
| 10:06 | Create | Scout Cavalry |
| 10:09 | Build | House |
| 10:12 | Create | Villager (Male) |
| 10:23 | Create | Villager (Male) |
| 10:37 | Create | Villager (Male) |
| 10:44 | Build | Palisade Gate |
| 10:50 | Create | Scout Cavalry |
| 10:51 | Create | Villager (Male) |
| 10:57 | Build | Farm |
| 10:57 | Build | Farm |
| 11:01 | Build | Farm |
| 11:09 | Build | Farm |
| 11:24 | Create | Scout Cavalry |
| 11:31 | Build | Farm |
| 11:41 | Create | Villager (Male) |
| 11:47 | Build | Farm |
| 11:49 | Build | Farm |
| 11:59 | Build | Farm |
| 12:04 | Create | Villager (Male) |
| 12:17 | Build | Farm |
| 12:22 | Build | House |
| 12:42 | Create | Scout Cavalry |
| 12:49 | Create | Villager (Male) |
| 12:51 | Build | Farm |
| 12:53 | Build | Farm |
| 12:56 | Create | Scout Cavalry |
| 13:12 | Build | House |
| 13:16 | Build | House |
| 13:19 | Create | Villager (Male) |
| 13:19 | Create | Scout Cavalry |
| 13:37 | Create | Villager (Male) |
| 14:10 | Create | Villager (Male) |
| 14:11 | Create | Scout Cavalry |
| 14:15 | Build | Farm |
| 14:27 | Build | Blacksmith |
| 14:30 | Create | Scout Cavalry |
| 14:31 | Create | Villager (Male) |
| 14:40 | Create | Villager (Male) |
| 14:43 | Build | Farm |
| 14:48 | Build | Mining Camp |
| 15:10 | Create | Scout Cavalry |
| 15:22 | Create | Villager (Male) |
| 15:28 | Build | House |
| 15:30 | Research | Scale Barding Armor |
| 15:30 | Research | Scale Barding Armor |
| 15:37 | Create | Villager (Male) |
| 15:51 | Create | Villager (Male) |
| 15:56 | Create | Scout Cavalry |
| 16:01 | Build | House |
| 16:13 | Research | Bloodlines |
| 16:14 | Research | Bloodlines |
| 16:14 | Research | Bloodlines |
| 16:15 | Create | Villager (Male) |
| 17:00 | Create | Villager (Male) |
| 17:00 | Create | Villager (Male) |
| 17:27 | Build | House |
| 17:28 | Build | House |
| 17:29 | Research | Town Watch |
| 17:29 | Research | Town Watch |
| 17:36 | Create | Villager (Male) |
| 17:58 | Build | Market |
| 18:06 | Build | Farm |
| 18:07 | Build | Farm |
| 18:07 | Build | Farm |
| 18:08 | Build | Farm |
| 18:13 | Build | Farm |
| 18:29 | Create | Villager (Male) |
| 18:34 | Research | Wheelbarrow |
| 18:49 | Build | Farm |
| 18:54 | Create | Villager (Male) |
| 19:03 | Build | House |
| 19:51 | Research | Castle Age |
| 19:52 | Research | Castle Age |
| 19:57 | Build | House |
| 20:05 | Build | Stable |
| 20:34 | Build | Lumber Camp |
| 20:49 | Create | Villager (Male) |
| 20:53 | Build | House |
| 20:57 | Build | Stone Wall |
| 20:59 | Build | House |
| 21:02 | Build | Stone Wall |
| 21:34 | Create | Villager (Male) |
| 21:52 | Create | Villager (Male) |
| 22:21 | Build | House |
| 22:24 | Build | House |
| 22:28 | Build | House |
| 22:33 | Build | House |
| 22:35 | Age | Castle Age |
| 22:39 | Build | House |
| 22:43 | Build | House |
| 22:50 | Research | Light Cavalry (upgrade) |
| 22:50 | Research | Light Cavalry (upgrade) |
| 22:50 | Research | Husbandry |
| 23:10 | Build | Lumber Camp |
| 23:14 | Build | House |
| 23:15 | Create | Knight |
| 23:16 | Create | Knight |
| 23:37 | Create | Knight |
| 23:39 | Create | Knight |
| 24:02 | Build | Stone Wall |
| 24:05 | Build | Stone Wall |
| 24:10 | Build | Stone Wall |
| 24:17 | Build | Stone Wall |
| 24:46 | Build | Stone Wall |
| 24:50 | Build | Stone Wall |
| 25:01 | Build | Gate |
| 25:12 | Create | Villager (Male) |
| 25:41 | Create | Villager (Male) |
| 25:41 | Create | Villager (Male) |
| 25:59 | Build | Lumber Camp |
| 26:13 | Create | Villager (Male) |
| 26:25 | Build | Gate |
| 26:59 | Create | Villager (Male) |
| 27:05 | Build | Stone Wall |
| 27:07 | Create | Villager (Male) |
Build order — Dark
First 150 of 224 actions detected
| 0:03 | Create | Villager (Male) |
| 0:03 | Create | Villager (Male) |
| 0:04 | Build | House |
| 0:06 | Build | House |
| 0:29 | Create | Villager (Male) |
| 0:32 | Create | Villager (Male) |
| 0:32 | Create | Villager (Male) |
| 1:29 | Create | Villager (Male) |
| 1:29 | Create | Villager (Male) |
| 2:05 | Create | Villager (Male) |
| 2:05 | Create | Villager (Male) |
| 2:26 | Create | Villager (Male) |
| 2:29 | Build | Lumber Camp |
| 2:50 | Create | Villager (Male) |
| 2:50 | Create | Villager (Male) |
| 3:02 | Create | Villager (Male) |
| 3:39 | Create | Villager (Male) |
| 4:09 | Create | Villager (Male) |
| 4:14 | Build | House |
| 4:40 | Create | Villager (Male) |
| 4:58 | Create | Villager (Male) |
| 5:22 | Create | Villager (Male) |
| 5:29 | Build | House |
| 5:48 | Create | Villager (Male) |
| 5:48 | Create | Villager (Male) |
| 5:49 | Create | Villager (Male) |
| 6:12 | Create | Villager (Male) |
| 6:53 | Build | Mill |
| 6:57 | Create | Villager (Male) |
| 7:48 | Build | House |
| 7:49 | Build | House |
| 7:50 | Build | Palisade Wall |
| 7:56 | Create | Villager (Male) |
| 8:20 | Create | Villager (Male) |
| 8:36 | Build | Barracks |
| 8:41 | Build | Palisade Gate |
| 8:42 | Build | Palisade Wall |
| 8:48 | Create | Villager (Male) |
| 9:00 | Create | Villager (Male) |
| 9:19 | Build | Mining Camp |
| 9:34 | Research | Feudal Age |
| 9:44 | Build | Farm |
| 10:00 | Build | Farm |
| 11:04 | Build | Farm |
| 11:27 | Create | Villager (Male) |
| 11:33 | Build | Farm |
| 11:35 | Research | Loom |
| 11:41 | Build | Farm |
| 11:50 | Age | Feudal Age |
| 11:58 | Build | Archery Range |
| 11:59 | Build | Blacksmith |
| 12:45 | Research | Castle Age |
| 12:45 | Research | Castle Age |
| 13:12 | Create | Archer |
| 13:12 | Create | Archer |
| 13:18 | Research | Double-Bit Axe |
| 13:18 | Research | Double-Bit Axe |
| 13:54 | Create | Archer |
| 14:12 | Create | Spearman |
| 14:12 | Create | Spearman |
| 14:15 | Research | Fletching |
| 14:16 | Create | Archer |
| 14:40 | Create | Villager (Male) |
| 14:45 | Create | Spearman |
| 14:46 | Create | Archer |
| 14:56 | Build | House |
| 14:57 | Build | House |
| 14:57 | Build | House |
| 15:06 | Create | Spearman |
| 15:20 | Create | Archer |
| 15:25 | Age | Castle Age |
| 15:29 | Build | Siege Workshop |
| 15:32 | Research | Crossbowman (upgrade) |
| 15:48 | Create | Villager (Male) |
| 15:55 | Build | House |
| 15:57 | Build | House |
| 15:57 | Build | House |
| 16:11 | Create | Villager (Male) |
| 16:16 | Create | Mangonel |
| 16:23 | Build | House |
| 16:30 | Create | Archer |
| 16:36 | Create | Villager (Male) |
| 16:50 | Create | Archer |
| 17:00 | Create | Villager (Male) |
| 17:09 | Build | Farm |
| 17:11 | Create | Mangonel |
| 17:11 | Create | Mangonel |
| 17:20 | Research | Bow Saw |
| 17:20 | Research | Bow Saw |
| 17:21 | Create | Villager (Male) |
| 17:40 | Create | Archer |
| 17:43 | Create | Villager (Male) |
| 18:02 | Create | Archer |
| 18:08 | Build | House |
| 18:21 | Create | Villager (Male) |
| 18:22 | Create | Archer |
| 18:51 | Create | Villager (Male) |
| 18:53 | Build | Farm |
| 19:02 | Build | Farm |
| 19:05 | Build | Farm |
| 19:21 | Create | Villager (Male) |
| 19:21 | Create | Spearman |
| 19:22 | Create | Archer |
| 19:35 | Create | Spearman |
| 19:36 | Create | Archer |
| 19:51 | Create | Villager (Male) |
| 19:56 | Build | Archery Range |
| 20:00 | Create | Mangonel |
| 20:02 | Create | Archer |
| 20:16 | Create | Villager (Male) |
| 20:27 | Create | Villager (Male) |
| 20:45 | Create | Villager (Male) |
| 20:49 | Create | Archer |
| 21:07 | Build | Farm |
| 21:08 | Build | University |
| 21:09 | Create | Villager (Male) |
| 21:36 | Create | Villager (Male) |
| 21:50 | Create | Villager (Male) |
| 21:51 | Create | Archer |
| 21:56 | Create | Archer |
| 22:09 | Build | Market |
| 22:38 | Create | Villager (Male) |
| 22:42 | Create | Archer |
| 22:42 | Create | Archer |
| 22:47 | Build | Farm |
| 22:48 | Build | Farm |
| 22:49 | Build | House |
| 22:50 | Build | House |
| 22:50 | Research | Horse Collar |
| 23:02 | Create | Archer |
| 23:03 | Create | Archer |
| 23:03 | Research | Ballistics |
| 23:04 | Create | Villager (Male) |
| 23:05 | Build | Archery Range |
| 23:25 | Create | Villager (Male) |
| 23:32 | Research | Bodkin Arrow |
| 23:39 | Create | Archer |
| 23:39 | Create | Archer |
| 23:42 | Create | Villager (Male) |
| 23:44 | Build | Farm |
| 23:46 | Build | Farm |
| 23:49 | Build | House |
| 23:51 | Build | House |
| 23:56 | Create | Archer |
| 23:56 | Create | Archer |
| 23:58 | Create | Villager (Male) |
| 24:12 | Create | Archer |
| 24:12 | Create | Archer |
| 24:40 | Create | Archer |
| 24:40 | Create | Archer |
Build order — Zni.Kark01
First 150 of 219 actions detected
| 0:02 | Create | Villager (Male) |
| 0:02 | Create | Villager (Male) |
| 0:03 | Build | House |
| 0:04 | Build | House |
| 0:10 | Create | Villager (Male) |
| 0:10 | Create | Villager (Male) |
| 1:29 | Create | Villager (Male) |
| 1:29 | Create | Villager (Male) |
| 1:53 | Build | Lumber Camp |
| 2:01 | Create | Villager (Male) |
| 2:02 | Create | Villager (Male) |
| 2:17 | Create | Villager (Male) |
| 2:17 | Create | Villager (Male) |
| 2:47 | Create | Villager (Male) |
| 2:47 | Create | Villager (Male) |
| 3:10 | Create | Villager (Male) |
| 3:11 | Create | Villager (Male) |
| 3:33 | Create | Villager (Male) |
| 3:34 | Create | Villager (Male) |
| 3:52 | Research | Loom |
| 4:04 | Create | Villager (Male) |
| 4:04 | Create | Villager (Male) |
| 4:05 | Create | Villager (Male) |
| 4:06 | Create | Villager (Male) |
| 4:26 | Create | Villager (Male) |
| 4:26 | Create | Villager (Male) |
| 4:27 | Create | Villager (Male) |
| 4:53 | Create | Villager (Male) |
| 4:53 | Create | Villager (Male) |
| 5:33 | Create | Villager (Male) |
| 5:42 | Build | House |
| 6:03 | Create | Villager (Male) |
| 6:04 | Create | Villager (Male) |
| 6:28 | Build | House |
| 6:31 | Create | Villager (Male) |
| 6:31 | Create | Villager (Male) |
| 6:31 | Create | Villager (Male) |
| 6:37 | Create | Villager (Male) |
| 6:37 | Create | Villager (Male) |
| 6:51 | Build | Mill |
| 6:55 | Create | Villager (Male) |
| 6:55 | Create | Villager (Male) |
| 7:11 | Build | House |
| 7:17 | Create | Villager (Male) |
| 7:17 | Create | Villager (Male) |
| 8:20 | Create | Villager (Male) |
| 8:55 | Create | Villager (Male) |
| 9:09 | Build | Palisade Wall |
| 9:10 | Build | Palisade Wall |
| 9:22 | Build | Mining Camp |
| 9:29 | Create | Villager (Male) |
| 9:29 | Create | Villager (Male) |
| 9:52 | Create | Villager (Male) |
| 10:19 | Build | Palisade Wall |
| 10:31 | Build | Farm |
| 10:33 | Build | Farm |
| 10:45 | Build | Farm |
| 10:47 | Build | Farm |
| 10:48 | Create | Villager (Male) |
| 10:55 | Build | Palisade Wall |
| 11:07 | Research | Feudal Age |
| 11:07 | Research | Feudal Age |
| 11:45 | Build | Farm |
| 11:50 | Build | Farm |
| 12:12 | Build | Farm |
| 12:41 | Build | Farm |
| 12:44 | Create | Villager (Male) |
| 12:44 | Create | Villager (Male) |
| 13:26 | Age | Feudal Age |
| 13:30 | Build | Market |
| 14:08 | Build | Blacksmith |
| 14:13 | Create | Villager (Male) |
| 14:27 | Create | Villager (Male) |
| 14:37 | Research | Castle Age |
| 14:38 | Research | Castle Age |
| 14:47 | Build | Mining Camp |
| 14:52 | Build | Mining Camp |
| 15:16 | Research | Stone Mining |
| 15:32 | Build | Stone Wall |
| 16:43 | Build | House |
| 16:47 | Research | Double-Bit Axe |
| 16:48 | Research | Double-Bit Axe |
| 16:48 | Research | Horse Collar |
| 16:48 | Research | Horse Collar |
| 16:51 | Research | Gold Mining |
| 17:06 | Research | Padded Archer Armor |
| 17:22 | Age | Castle Age |
| 17:40 | Create | Villager (Male) |
| 17:41 | Create | Villager (Male) |
| 17:52 | Build | Castle |
| 18:04 | Build | Farm |
| 18:06 | Build | Farm |
| 18:07 | Build | Farm |
| 18:16 | Create | Villager (Male) |
| 18:34 | Create | Villager (Male) |
| 18:40 | Create | Conquistador |
| 18:40 | Create | Conquistador |
| 18:49 | Create | Villager (Male) |
| 19:01 | Build | Mill |
| 19:07 | Create | Conquistador |
| 19:07 | Create | Conquistador |
| 19:09 | Create | Villager (Male) |
| 19:09 | Create | Villager (Male) |
| 19:27 | Create | Conquistador |
| 19:27 | Create | Conquistador |
| 19:56 | Create | Conquistador |
| 19:57 | Create | Conquistador |
| 20:16 | Create | Conquistador |
| 20:17 | Create | Conquistador |
| 20:21 | Create | Villager (Male) |
| 20:22 | Create | Villager (Male) |
| 20:22 | Create | Villager (Male) |
| 20:23 | Create | Villager (Male) |
| 20:24 | Create | Villager (Male) |
| 20:44 | Create | Conquistador |
| 20:44 | Create | Conquistador |
| 20:45 | Create | Villager (Male) |
| 20:45 | Create | Villager (Male) |
| 20:49 | Create | Conquistador |
| 20:49 | Create | Conquistador |
| 20:50 | Create | Villager (Male) |
| 20:50 | Create | Villager (Male) |
| 21:21 | Create | Conquistador |
| 21:22 | Create | Villager (Male) |
| 21:22 | Create | Villager (Male) |
| 21:51 | Create | Conquistador |
| 21:52 | Create | Villager (Male) |
| 22:12 | Create | Conquistador |
| 22:37 | Create | Conquistador |
| 22:41 | Build | Farm |
| 22:49 | Create | Conquistador |
| 22:55 | Build | Town Center |
| 23:22 | Create | Conquistador |
| 23:22 | Create | Villager (Male) |
| 23:38 | Create | Villager (Male) |
| 23:38 | Create | Villager (Male) |
| 23:40 | Build | House |
| 23:42 | Build | House |
| 23:44 | Build | Farm |
| 23:44 | Build | Farm |
| 23:45 | Build | Farm |
| 23:45 | Build | Farm |
| 23:45 | Build | Farm |
| 23:46 | Build | Farm |
| 23:46 | Build | Farm |
| 23:53 | Create | Conquistador |
| 24:15 | Build | Lumber Camp |
| 24:15 | Create | Villager (Male) |
| 24:16 | Create | Villager (Male) |
| 24:42 | Build | Mill |
Build order — Oni.JorDan_AoE
First 150 of 188 actions detected
| 0:00 | Create | Villager (Male) |
| 0:00 | Create | Villager (Male) |
| 0:00 | Create | Villager (Male) |
| 0:03 | Build | House |
| 0:04 | Build | House |
| 0:27 | Create | Villager (Male) |
| 0:27 | Create | Villager (Male) |
| 0:27 | Create | Villager (Male) |
| 1:14 | Research | Loom |
| 1:29 | Build | Palisade Wall |
| 1:44 | Build | House |
| 1:50 | Build | House |
| 2:00 | Create | Villager (Male) |
| 2:00 | Create | Villager (Male) |
| 2:00 | Create | Villager (Male) |
| 2:34 | Create | Villager (Male) |
| 2:34 | Create | Villager (Male) |
| 2:57 | Create | Villager (Male) |
| 2:57 | Create | Villager (Male) |
| 2:57 | Create | Villager (Male) |
| 2:57 | Create | Villager (Male) |
| 2:57 | Create | Villager (Male) |
| 3:20 | Build | Lumber Camp |
| 3:21 | Create | Villager (Male) |
| 3:21 | Create | Villager (Male) |
| 3:21 | Create | Villager (Male) |
| 3:31 | Create | Villager (Male) |
| 3:31 | Create | Villager (Male) |
| 3:31 | Create | Villager (Male) |
| 4:08 | Create | Villager (Male) |
| 4:08 | Create | Villager (Male) |
| 4:50 | Create | Villager (Male) |
| 4:50 | Create | Villager (Male) |
| 4:50 | Create | Villager (Male) |
| 5:04 | Create | Villager (Male) |
| 5:04 | Create | Villager (Male) |
| 5:19 | Build | House |
| 5:31 | Create | Villager (Male) |
| 5:31 | Create | Villager (Male) |
| 5:31 | Create | Villager (Male) |
| 6:00 | Create | Villager (Male) |
| 6:00 | Create | Villager (Male) |
| 6:00 | Create | Villager (Male) |
| 6:05 | Build | Palisade Wall |
| 6:08 | Build | Palisade Wall |
| 6:12 | Build | Palisade Wall |
| 6:27 | Build | Palisade Wall |
| 6:30 | Build | Palisade Wall |
| 6:41 | Build | Palisade Wall |
| 6:42 | Build | Palisade Wall |
| 7:16 | Build | House |
| 7:30 | Build | House |
| 7:50 | Build | Mill |
| 8:01 | Create | Villager (Male) |
| 8:59 | Research | Feudal Age |
| 9:13 | Build | Palisade Wall |
| 10:09 | Build | Palisade Wall |
| 10:11 | Build | Palisade Wall |
| 10:18 | Build | Barracks |
| 10:29 | Build | House |
| 10:36 | Build | Barracks |
| 10:39 | Build | Palisade Wall |
| 10:53 | Build | Palisade Wall |
| 11:01 | Build | Palisade Wall |
| 11:02 | Build | Palisade Wall |
| 11:09 | Build | Farm |
| 11:09 | Age | Feudal Age |
| 11:11 | Research | Town Watch |
| 11:12 | Create | Villager (Male) |
| 11:16 | Research | Double-Bit Axe |
| 11:33 | Create | Villager (Male) |
| 11:36 | Build | Palisade Wall |
| 11:49 | Create | Villager (Male) |
| 11:59 | Create | Villager (Male) |
| 12:11 | Build | Palisade Wall |
| 12:20 | Build | House |
| 12:36 | Build | Farm |
| 13:07 | Build | Palisade Wall |
| 13:09 | Build | Palisade Wall |
| 13:10 | Build | Palisade Wall |
| 13:17 | Build | Farm |
| 13:20 | Build | Farm |
| 13:40 | Build | Watch Tower |
| 13:53 | Create | Villager (Male) |
| 14:01 | Build | Blacksmith |
| 14:17 | Build | Farm |
| 14:55 | Build | Farm |
| 14:59 | Build | Palisade Wall |
| 15:11 | Build | Palisade Wall |
| 15:30 | Build | Farm |
| 15:35 | Build | Farm |
| 15:44 | Build | Mining Camp |
| 16:05 | Create | Villager (Male) |
| 16:25 | Build | House |
| 16:27 | Create | Villager (Male) |
| 16:47 | Create | Villager (Male) |
| 16:49 | Build | Stone Wall |
| 17:03 | Create | Villager (Male) |
| 17:17 | Create | Villager (Male) |
| 17:36 | Build | Farm |
| 17:54 | Build | Stone Wall |
| 17:56 | Create | Villager (Male) |
| 18:03 | Build | Stone Wall |
| 18:13 | Build | Farm |
| 18:14 | Build | Farm |
| 18:40 | Create | Villager (Male) |
| 18:48 | Build | House |
| 18:52 | Build | House |
| 18:54 | Build | Palisade Wall |
| 19:18 | Create | Villager (Male) |
| 19:19 | Build | House |
| 19:34 | Create | Villager (Male) |
| 19:34 | Create | Villager (Male) |
| 19:43 | Build | Stone Wall |
| 19:45 | Create | Villager (Male) |
| 19:53 | Build | Farm |
| 20:10 | Build | Stone Wall |
| 20:13 | Create | Villager (Male) |
| 20:17 | Build | House |
| 20:31 | Build | Stone Wall |
| 20:36 | Create | Villager (Male) |
| 20:36 | Create | Villager (Male) |
| 20:38 | Build | Palisade Wall |
| 20:41 | Build | Palisade Wall |
| 20:43 | Build | Palisade Wall |
| 20:53 | Create | Villager (Male) |
| 21:07 | Build | Farm |
| 21:20 | Create | Villager (Male) |
| 21:45 | Research | Wheelbarrow |
| 21:45 | Research | Wheelbarrow |
| 21:46 | Research | Horse Collar |
| 21:47 | Research | Horse Collar |
| 21:57 | Build | House |
| 21:59 | Build | Palisade Wall |
| 22:11 | Build | Farm |
| 22:12 | Build | Farm |
| 22:19 | Create | Villager (Male) |
| 22:29 | Build | Watch Tower |
| 22:34 | Build | Farm |
| 22:44 | Build | Gate |
| 22:49 | Build | House |
| 22:50 | Build | Palisade Wall |
| 22:52 | Build | Palisade Wall |
| 23:10 | Create | Villager (Male) |
| 23:11 | Create | Villager (Male) |
| 23:31 | Create | Villager (Male) |
| 23:34 | Build | Farm |
| 23:45 | Build | Farm |
| 24:08 | Build | Farm |
| 24:18 | Build | Gate |
Match timeline
| 1:29 | Oni.JorDan_AoE · wall_segment Palisade Wall x1 |
| 4:06 | Morris=w= · wall_segment Palisade Wall x11 |
| 4:42 | Oni.Vinchester · wall_segment Palisade Wall x2 |
| 4:48 | Zni.Locuss · wall_segment Palisade Wall x4 |
| 4:54 | Zni.Locuss · wall_segment Palisade Wall x6 |
| 4:57 | Jugador de Repuesto · wall_segment Palisade Wall x4 |
| 5:16 | Oni.Vinchester · wall_segment Palisade Wall x1 |
| 5:17 | Oni.Vinchester · wall_segment Palisade Wall x3 |
| 5:24 | Jugador de Repuesto · wall_segment Palisade Wall x8 |
| 5:34 | Oni.Vinchester · wall_segment Palisade Wall x3 |
| 5:44 | Oni.Vinchester · wall_segment Palisade Wall x2 |
| 6:05 | Oni.JorDan_AoE · wall_segment Palisade Wall x2 |
| 6:06 | Zni.Locuss · first_building Barracks |
| 6:08 | Oni.JorDan_AoE · wall_segment Palisade Wall x1 |
| 6:11 | Oni.TheViper · first_building Barracks |
| 6:12 | Oni.JorDan_AoE · wall_segment Palisade Wall x1 |
| 6:20 | Morris=w= · wall_segment Palisade Wall x1 |
| 6:27 | Oni.JorDan_AoE · wall_segment Palisade Wall x1 |
| 6:30 | Oni.JorDan_AoE · wall_segment Palisade Wall x1 |
| 6:41 | Oni.JorDan_AoE · wall_segment Palisade Wall x1 |
| 6:42 | Oni.JorDan_AoE · wall_segment Palisade Wall x1 |
| 6:58 | Oni.Vinchester · wall_segment Palisade Wall x1 |
| 7:50 | Dark · wall_segment Palisade Wall x1 |
| 8:21 | Morris=w= · first_building Barracks |
| 8:36 | Dark · first_building Barracks |
| 8:42 | Dark · wall_segment Palisade Wall x1 |
| 8:51 | Oni.TheViper · age_up feudal |
| 8:53 | Oni.TheViper · first_building Archery Range |
| 8:56 | Oni.Vinchester · age_up feudal |
| 9:09 | Zni.Kark01 · wall_segment Palisade Wall x8 |
| 9:10 | Zni.Kark01 · wall_segment Palisade Wall x1 |
| 9:11 | Morris=w= · age_up feudal |
| 9:13 | Oni.JorDan_AoE · wall_segment Palisade Wall x6 |
| 9:16 | Zni.Locuss · age_up feudal |
| 9:17 | Morris=w= · first_building Stable |
| 10:09 | Oni.JorDan_AoE · wall_segment Palisade Wall x1 |
| 10:11 | Oni.JorDan_AoE · wall_segment Palisade Wall x1 |
| 10:15 | Zni.Locuss · wall_segment Palisade Wall x1 |
| 10:17 | Zni.Locuss · wall_segment Palisade Wall x1 |
| 10:18 | Oni.JorDan_AoE · first_building Barracks |
| 10:19 | Zni.Kark01 · wall_segment Palisade Wall x1 |
| 10:39 | Oni.JorDan_AoE · wall_segment Palisade Wall x2 |
| 10:51 | Zni.Locuss · wall_segment Palisade Wall x2 |
| 10:53 | Oni.JorDan_AoE · wall_segment Palisade Wall x4 |
| 10:55 | Zni.Kark01 · wall_segment Palisade Wall x1 |
| 10:58 | Jugador de Repuesto · age_up feudal |
| 11:01 | Zni.Locuss · wall_segment Stone Wall x14 |
| 11:01 | Oni.JorDan_AoE · wall_segment Palisade Wall x1 |
| 11:02 | Oni.JorDan_AoE · wall_segment Palisade Wall x2 |
| 11:09 | Oni.JorDan_AoE · age_up feudal |
| 11:17 | Zni.Locuss · wall_segment Palisade Wall x3 |
| 11:36 | Oni.JorDan_AoE · wall_segment Palisade Wall x1 |
| 11:50 | Dark · age_up feudal |
| 11:58 | Dark · first_building Archery Range |
| 12:11 | Oni.JorDan_AoE · wall_segment Palisade Wall x4 |
| 13:07 | Oni.JorDan_AoE · wall_segment Palisade Wall x1 |
| 13:09 | Oni.JorDan_AoE · wall_segment Palisade Wall x1 |
| 13:10 | Oni.JorDan_AoE · wall_segment Palisade Wall x1 |
| 13:26 | Zni.Kark01 · age_up feudal |
| 13:46 | Zni.Locuss · wall_segment Stone Wall x1 |
| 14:49 | Zni.Locuss · wall_segment Stone Wall x17 |
| 14:59 | Oni.JorDan_AoE · wall_segment Palisade Wall x1 |
| 15:00 | Jugador de Repuesto · age_up castle |
| 15:02 | Jugador de Repuesto · first_building Castle |
| 15:11 | Oni.JorDan_AoE · wall_segment Palisade Wall x1 |
| 15:25 | Dark · age_up castle |
| 15:29 | Dark · first_building Siege Workshop |
| 15:32 | Zni.Kark01 · wall_segment Stone Wall x1 |
| 15:54 | Oni.Vinchester · first_market_buy 100 food |
| 16:09 | Zni.Locuss · first_building Archery Range |
| 16:09 | Oni.Vinchester · first_building Barracks |
| 16:34 | Oni.Vinchester · first_market_sell 100 wood |
| 16:49 | Oni.JorDan_AoE · wall_segment Stone Wall x1 |
| 17:22 | Zni.Kark01 · age_up castle |
| 17:29 | Zni.Kark01 · first_market_sell 100 wood |
| 17:30 | Oni.TheViper · wall_segment Palisade Wall x1 |
| 17:30 | Zni.Kark01 · first_market_buy 100 stone |
| 17:31 | Oni.Vinchester · first_building Stable |
| 17:38 | Oni.TheViper · wall_segment Palisade Wall x1 |
| 17:52 | Zni.Kark01 · first_building Castle |
| 17:54 | Oni.JorDan_AoE · wall_segment Stone Wall x11 |
| 18:03 | Oni.JorDan_AoE · wall_segment Stone Wall x2 |
| 18:39 | Oni.TheViper · age_up castle |
| 18:46 | Zni.Locuss · wall_segment Stone Wall x1 |
| 18:54 | Oni.JorDan_AoE · wall_segment Palisade Wall x1 |
| 19:15 | Oni.Vinchester · age_up castle |
| 19:43 | Oni.JorDan_AoE · wall_segment Stone Wall x1 |
| 20:02 | Oni.TheViper · first_building Monastery |
| 20:10 | Oni.JorDan_AoE · wall_segment Stone Wall x1 |
| 20:31 | Morris=w= · first_market_buy 100 wood |
| 20:31 | Oni.JorDan_AoE · wall_segment Stone Wall x1 |
| 20:38 | Oni.JorDan_AoE · wall_segment Palisade Wall x1 |
| 20:41 | Oni.JorDan_AoE · wall_segment Palisade Wall x1 |
| 20:43 | Oni.JorDan_AoE · wall_segment Palisade Wall x1 |
| 20:49 | Jugador de Repuesto · first_building Barracks |
| 20:57 | Morris=w= · wall_segment Stone Wall x1 |
| 21:02 | Morris=w= · wall_segment Stone Wall x1 |
| 21:36 | Morris=w= · first_market_sell 100 food |
| 21:46 | Jugador de Repuesto · first_building Stable |
| 21:59 | Oni.JorDan_AoE · wall_segment Palisade Wall x1 |
| 22:02 | Zni.Locuss · wall_segment Stone Wall x1 |
| 22:04 | Zni.Locuss · wall_segment Stone Wall x1 |
| 22:05 | Zni.Locuss · wall_segment Stone Wall x1 |
| 22:08 | Zni.Locuss · wall_segment Stone Wall x1 |
| 22:09 | Zni.Locuss · wall_segment Stone Wall x1 |
| 22:12 | Zni.Locuss · wall_segment Stone Wall x1 |
| 22:15 | Zni.Locuss · wall_segment Stone Wall x1 |
| 22:16 | Zni.Locuss · wall_segment Stone Wall x1 |
| 22:17 | Zni.Locuss · wall_segment Stone Wall x1 |
| 22:19 | Zni.Locuss · wall_segment Stone Wall x1 |
| 22:35 | Morris=w= · age_up castle |
| 22:50 | Oni.JorDan_AoE · wall_segment Palisade Wall x1 |
| 22:52 | Oni.JorDan_AoE · wall_segment Palisade Wall x1 |
| 23:01 | Dark · first_market_sell 100 stone |
| 24:02 | Morris=w= · wall_segment Stone Wall x8 |
| 24:05 | Morris=w= · wall_segment Stone Wall x8 |
| 24:10 | Morris=w= · wall_segment Stone Wall x3 |
| 24:17 | Morris=w= · wall_segment Stone Wall x3 |
| 24:20 | Oni.JorDan_AoE · wall_segment Stone Wall x15 |
| 24:46 | Morris=w= · wall_segment Stone Wall x4 |
| 24:49 | Zni.Locuss · first_building Stable |
| 24:50 | Morris=w= · wall_segment Stone Wall x3 |
| 25:00 | Zni.Locuss · age_up castle |
| 25:10 | Oni.JorDan_AoE · wall_segment Stone Wall x1 |
| 25:12 | Oni.JorDan_AoE · wall_segment Stone Wall x1 |
| 25:14 | Oni.JorDan_AoE · wall_segment Stone Wall x1 |
| 25:16 | Oni.JorDan_AoE · wall_segment Stone Wall x1 |
| 25:18 | Oni.JorDan_AoE · wall_segment Stone Wall x1 |
| 25:36 | Zni.Locuss · first_market_buy 100 food |
| 25:37 | Zni.Locuss · first_market_sell 100 stone |
| 26:24 | Zni.Locuss · first_building Castle |
| 26:57 | Oni.JorDan_AoE · first_building Stable |
| 27:05 | Morris=w= · wall_segment Stone Wall x1 |
| 27:31 | Oni.TheViper · wall_segment Palisade Wall x1 |
| 27:43 | Morris=w= · wall_segment Stone Wall x1 |
| 28:40 | Oni.Vinchester · first_building Monastery |
| 29:14 | Oni.TheViper · first_building Castle |
| 29:37 | Oni.TheViper · wall_segment Palisade Wall x1 |
| 29:40 | Jugador de Repuesto · first_market_buy 100 stone |
| 30:25 | Oni.JorDan_AoE · age_up castle |
| 30:27 | Oni.TheViper · age_up imperial |
| 30:41 | Zni.Locuss · resign |
[ AI ANALYSIS · 1 CREDIT ]
What really happened in this match?
Wolo.gg analyzes every decision: build order, eco, micro, common mistakes by bracket. Personalized analysis on WhatsApp or Discord in 30 seconds.
Civ guide
Britons
Perfil
Jugador #196240